 Dungeon Crawl Stone Soup version 0.29.0-13-gc9e81de378 (webtiles) character file.

Game seed: 7336879761140534290

137 funkygono the Firebug (level 5, -1/28 HPs)
             Began as a Gargoyle Fire Elementalist on Sept 7, 2022.
             Killed by divine providence
             ... invoked by an orc priest
              (13 damage)
             ... on level 3 of the Dungeon.
             The game lasted 00:04:04 (3117 turns).

funkygono the Firebug (Gargoyle Fire Elementalist)  Turns: 3117, Time: 00:04:05

Health: -1/28      AC:  7    Str: 12    XL:     5   Next: 20%
Magic:  10/19      EV: 12    Int: 17    God:
Gold:   110        SH:  0    Dex: 10    Spells: 1/11 levels left

rFire   . . .      SeeInvis .   f - +1 whip
rCold   . . .      Faith    .   (no shield)
rNeg    + . .      Spirit   .   a - +0 robe
rPois   ∞          Reflect  .   (no helmet)
rElec   +          Harm     .   (no cloak)
rCorr   .          Rampage  .   (no gloves)
Will    .....                   i - +0 pair of boots
Stlth   ++........              (no amulet)
HPRegen 0.09/turn               c - ring of magical power
MPRegen 0.16/turn               (no ring)

@: no status effects
A: sickness immunity, AC +4, negative energy resistance 1, electricity
resistance, torment resistance 1, petrification resistance
a: no special abilities


You were on level 3 of the Dungeon.
You visited 1 branch of the dungeon, and saw 3 of its levels.

You collected 110 gold pieces.

Inventory:

Hand Weapons
 f - a +1 whip (weapon)
Armour
 a - a +0 robe (worn)
 i - a +0 pair of boots (worn)
Magical Staves
 h - a staff of poison
Jewellery
 c - a ring of magical power (left hand)
Scrolls
 e - a scroll of poison
Potions
 b - a potion of magic
 d - 2 potions of heal wounds
 j - a potion of brilliance
 k - a potion of curing {unknown}
 l - a potion of degeneration {unknown}
 p - a potion of invisibility {unknown}


   Skills:
 + Level 0.7 Fighting
 + Level 0.2 Maces & Flails
 + Level 1.8 Dodging
 - Level 2.1 Stealth
 + Level 3.5 Spellcasting
 + Level 2.1 Conjurations
 + Level 4.0 Fire Magic


You had one spell level left.
You knew the following spells:

 Your Spells              Type           Power      Damage    Failure   Level
a - Foxfire               Conj/Fire      52%        2x1d6     4%          1
b - Scorch                Fire           32%        2d7       4%          2
c - Conjure Flame         Conj/Fire      13%        6-21      14%         3
d - Flame Wave            Conj/Fire      13%        2d6       43%         4

Your spell library contained the following spells:

 Spells                   Type           Power      Damage    Failure   Level
 Inner Flame              Hex/Fire       9%         N/A       22%         3


Dungeon Overview and Level Annotations

Branches:
Dungeon (3/15)

Altars:


Innate Abilities, Weirdness & Mutations

You are immune to sickness and miasma.
Your stone body is resilient. (AC +4)
You are immune to poison.
You resist negative energy. (rN+)
You are resistant to electric shocks. (rElec)
You are resistant to unholy torment.
You are immune to petrification.


Message History

Unknown command.
Casting: Foxfire (safe; 4% risk of failure)
Confirm with . or Enter, or press ? or * to list all spells.
You conjure some foxfire!
The foxfire hits the quokka.
The quokka is almost dead.
The foxfire hits the quokka.
You kill the quokka!
Unknown command.
Casting: Foxfire (safe; 4% risk of failure)
Confirm with . or Enter, or press ? or * to list all spells.
You conjure some foxfire!
Your foxfire dissipates!
The foxfire hits the orc.
The orc is moderately wounded.
The foxfire hits the orc.
The orc is almost dead.
An orc priest comes into view. It is wielding a +0 short sword.
Casting: Foxfire (safe; 4% risk of failure)
Confirm with . or Enter, or press ? or * to list all spells.
You conjure some foxfire!
The foxfire hits the orc.
You kill the orc!
The orc priest calls down the wrath of Beogh upon you.
Beogh smites you!
Ouch! That really hurt!
An orc comes into view. It is wielding a +0 hand axe.
Casting: Foxfire (safe; 4% risk of failure)
Confirm with . or Enter, or press ? or * to list all spells.
You conjure some foxfire!
The foxfire hits the orc priest.
The orc priest is lightly wounded.
An orc comes into view. It is wielding a +0 club.
Unknown command.
Casting: Foxfire (safe; 4% risk of failure)
Confirm with . or Enter, or press ? or * to list all spells.
You conjure some foxfire!
The foxfire hits the orc.
The orc is heavily wounded.
The foxfire hits the orc priest but does no damage.
The orc priest is lightly wounded.
The orc priest calls down the wrath of Beogh upon you.
Beogh smites you!
You die...

###..........#
#............#
. #....).....#
.o
#....).....#
.o.
#####<######
o... #...#
=.§§. #.###
...§§.##§####
..>.v§v@§§§§#
...."§v§§.v.#
......§.....#
..>.........#
$##.........#
#.........#
########...
....


You could see an orc priest (ally target) and 2 orcs.

Vanquished Creatures
  6 adders (D:2)
  3 dart slugs (D:2)
  5 orcs (D:3)
  7 endoplasms
  4 giant cockroaches
  8 goblins
  3 hobgoblins
  6 jackals (D:1)
  3 quokkas
  6 ball pythons
  10 bats
  A frilled lizard (D:1)
  3 kobolds (D:1)
  3 rats (D:1)
68 creatures vanquished.

Vanquished Creatures (others)
  174 foxfires
174 creatures vanquished.

Grand Total: 242 creatures vanquished

Notes
Turn   | Place    | Note
-------+----------+-------------------------------------------
     0 | D:1      | funkygono the Gargoyle Fire Elementalist began the quest
                  | for the Orb.
     0 | D:1      | Reached XP level 1. HP: 10/10 MP: 3/3
   312 | D:1      | Reached XP level 2. HP: 15/15 MP: 3/5
   315 | D:1      | Learned a level 2 spell: Scorch
   950 | D:1      | Reached XP level 3. HP: 19/19 MP: 2/6
  1470 | D:1      | Found a faded altar of an unknown god.
  1669 | D:2      | Reached XP level 4. HP: 24/24 MP: 4/8
  2362 | D:2      | Reached XP level 5. HP: 28/28 MP: 8/10
  2366 | D:2      | Learned a level 3 spell: Conjure Flame
  2371 | D:2      | Learned a level 4 spell: Flame Wave
  2975 | D:3      | Reached skill level 4 in Fire Magic
  3117 | D:3      | Killed from afar by an orc priest

Illustrated notes

Levels and vault maps discovered:
D:1:      heliophobic_arrival_henge, layout_loops_corners,
          dreamdust_ecumenical_altar_hidden_monk_grotto
D:2:      layout_basic
D:3:      layout_rooms, kennysheep_ying_yang

Skill      XL: |  1  2  3  4  5 |
---------------+----------------+-----
Spellcasting   | 3 |  3.5
Conjurations   | 2 |  2.1
Fire Magic     | 4 |  4.0
Fighting       | |  0.7
Maces & Flails | |  0.2
Dodging        | |  1.8
Stealth        | |  2.1

Action                   |  1- 3 |  4- 6 || total
-------------------------+-------+-------++-------
Melee: Unarmed           |    12 |       ||    12
       Club              |     3 |       ||     3
       Whip              |     5 |    24 ||    29
 Cast: Foxfire           |    49 |    57 ||   106
       Scorch            |     4 |     4 ||     8
  Use: Scroll            |       |     7 ||     7
Armor: Robe              |    12 |     5 ||    17
Dodge: Dodged            |    28 |    13 ||    41
